 Dungeon Crawl Stone Soup version 0.22-a0-422-g9628fc8 (webtiles) character file.

1031 Falco the Slasher (level 8, -1/61 HPs)
             Began as a Barachi Skald on May 22, 2018.
             Killed from afar by an orc wizard (7 damage)
             ... with a magic dart
             ... on level 6 of the Dungeon.
             The game lasted 00:35:31 (7159 turns).

Falco the Slasher (Barachi Skald)                   Turns: 7159, Time: 00:35:31

Health: -1/61      AC:  6    Str: 15    XL:     8   Next: 23%
Magic:  10/13      EV: 19    Int: 17    God:
Gold:   298        SH:  0    Dex: 16    Spells: 3/14 levels left

rFire    . . .     SeeInvis .   a - +0 falchion
rCold    . . .     Gourm    .   (no shield)
rNeg     . . .     Faith    .   s - +2 robe {MR+}
rPois    .         Spirit   .   v - +0 helmet {Int+3}
rElec    .         Reflect  .   (no cloak)
rCorr    .         Harm     .   j - +0 pair of gloves
MR       +....                  (no boots)
Stlth    +++.......             (no amulet)
HPRegen  0.20/turn              (no ring)
MPRegen  0.13/turn              (no ring)

@: agile, singing (expiring), can't hop, drained, slow
A: +LOS, swims, slowness 1, strong legs 1
a: Hop


You were on level 6 of the Dungeon.
You were not hungry.

You visited 1 branch of the dungeon, and saw 7 of its levels.

You collected 298 gold pieces.

Inventory:

Hand Weapons
 a - a +0 falchion (weapon)
 p - a +1 spear of freezing
Armour
 b - a +0 leather armour
 c - a -1 buckler
 f - a +0 helmet
 j - a +0 pair of gloves (worn)
 s - a +2 robe of magic resistance (worn)
 t - a +0 scale mail
 v - a +0 helmet of intelligence (worn)
Magical Staves
 h - an uncursed staff of energy
Scrolls
 g - a scroll of enchant weapon {unknown}
 i - a scroll of magic mapping
 l - 2 scrolls of remove curse
 n - 2 scrolls of blinking {unknown}
 o - a scroll of random uselessness {unknown}
 r - a scroll of identify
 u - 2 scrolls of noise {unknown}
Potions
 m - 2 potions of brilliance
 q - a potion of flight
 w - a potion of invisibility
Comestibles
 d - 3 rations


   Skills:
 + Level 4.8(4.6) Fighting
 + Level 7.1(6.9) Long Blades
 + Level 3.5(3.4) Armour
 + Level 4.1(3.9) Dodging
 + Level 1.3(1.1) Stealth
 + Level 3.7(3.5) Spellcasting
 + Level 0.1(0.0) Hexes
 + Level 4.4(4.3) Charms
 + Level 0.5(0.4) Necromancy
 + Level 1.3(1.2) Translocations


You had 3 spell levels left.
You knew the following spells:

 Your Spells              Type           Power        Failure   Level  Hunger
a - Infusion              Chrm           ###.         2%          1    None
b - Song of Slaying       Chrm           ###.....     4%          2    ##.....
c - Shroud of Golubria    Chrm/Tloc      ##........   9%          2    ##.....
d - Regeneration          Chrm/Necr      ##........   19%         3    ###....
e - Spectral Weapon       Hex/Chrm       ##......     21%         3    ###....

Your spell library contained the following spells:

 Spells                   Type           Power        Failure   Level  Hunger


Dungeon Overview and Level Annotations

Branches:
Dungeon (7/15)
 Temple: D:4-7

Altars:
Gozag
Makhleb
Nemelex Xobeh
Okawaru
Xom
Yredelemnul
The Shining One

Annotations:
D:3 Grinder
D:4 Eustachio
D:5 Anachronus's ghost, novice MiHu


Innate Abilities, Weirdness & Mutations

Shadows flee at your approach. (+LOS)
You can swim through water.
You cover ground slowly.
You can hop short distances.


Message History

Press: ? - help, Dir - move target cursor Boing!
The orc wizard hits you but does no damage.
You hit the orc wizard.
You kill the orc wizard!
Your Translocations skill increases to level 1!
Your song is almost over.
You hit the orc wizard.
The orc wizard is severely wounded.
The orc wizard hits you with a dagger.
* * * LOW HITPOINT WARNING * * *
The orc wizard hits you with a dagger.
* * * LOW HITPOINT WARNING * * *
You closely miss the orc wizard.
The orc wizard is severely wounded.
The orc wizard gestures wildly while chanting.
The orc wizard blinks!
The orc wizard points at you and mumbles some strange words.
The magic dart hits you!
You die...

### ##########.#
#..o..ยง@.).#
#.########.#
#.#.....##.#
#.......##o#
###.######.#
############.######.#
...................>#
###.....####.#.######
#.......# #.#.#


You could see an orc wizard.

Vanquished Creatures
  Sigmund (D:3)
  An ice beast (D:5)
  2 scorpions
  3 wights (D:7)
  4 howler monkeys
  A hound (D:4)
  An orc wizard (D:6)
  3 iguanas
  2 worker ants
  Robin (D:3)
  A gnoll (D:4)
  5 adders
  5 oozes
  An adder skeleton (D:2)
  A worm (D:4)
  3 dart slugs
  6 leopard geckos
  7 orcs
  3 giant cockroaches
  13 goblins
  13 hobgoblins
  14 jackals
  2 quokkas
  9 bats
  9 frilled lizards
  7 kobolds
  A leopard gecko skeleton (D:4)
  7 rats
126 creatures vanquished.

Vanquished Creatures (others)
  A spectral weapon (D:5)
1 creature vanquished.

Grand Total: 127 creatures vanquished

Notes
Turn   | Place    | Note
-------+----------+-------------------------------------------
     0 | D:1      | Falco the Barachi Skald began the quest for the Orb.
     0 | D:1      | Reached XP level 1. HP: 17/17 MP: 3/3
   207 | D:1      | Reached XP level 2. HP: 21/23 MP: 5/5
   211 | D:1      | Learned a level 2 spell: Song of Slaying
   674 | D:1      | Reached skill level 3 in Long Blades
   787 | D:1      | Reached XP level 3. HP: 22/28 MP: 6/6
   854 | D:1      | Learned a level 2 spell: Shroud of Golubria
  1026 | D:2      | Reached XP level 4. HP: 2/34 MP: 4/7
  1289 | D:2      | Reached skill level 4 in Long Blades
  1392 | D:2      | Reached XP level 5. HP: 27/41 MP: 8/8
  2279 | D:3      | Found a burning altar of Makhleb.
  2363 | D:3      | Found a sparkling altar of Nemelex Xobeh.
  2364 | D:3      | Found an opulent altar of Gozag.
  2444 | D:3      | Noticed Sigmund
  2477 | D:3      | HP: 1/41 [something (6)]
  2697 | D:3      | Noticed Grinder
  3042 | D:3      | Killed Sigmund
  3042 | D:3      | Reached XP level 6. HP: 27/48 MP: 5/9
  3047 | D:3      | Learned a level 3 spell: Regeneration
  3218 | D:3      | Noticed Robin
  3228 | D:3      | Killed Robin
  3228 | D:3      | Reached skill level 5 in Long Blades
  3390 | D:3      | Paralysed by Grinder for 6 turns
  3419 | D:3      | Paralysed by Grinder for 4 turns
  3825 | D:4      | Found a basalt altar of Yredelemnul.
  3826 | D:4      | Noticed a profane servitor
  3834 | D:4      | Found a glowing golden altar of the Shining One.
  3835 | D:4      | Noticed an angel
  4311 | D:4      | Reached XP level 7. HP: 40/53 MP: 11/11
  4316 | D:4      | Learned a level 3 spell: Spectral Weapon
  4776 | D:4      | Reached skill level 1 in Stealth
  5008 | D:4      | Found an iron altar of Okawaru.
  5224 | D:4      | Found a shimmering altar of Xom.
  5411 | D:5      | Entered Level 5 of the Dungeon
  5411 | D:5      | Noticed Eustachio
  5457 | D:5      | Noticed Anachronus's ghost (novice MiHu)
  5838 | D:5      | Reached skill level 6 in Long Blades
  6796 | D:7      | Reached XP level 8. HP: 9/61 MP: 2/12
  6798 | D:7      | Reached skill level 7 in Long Blades
  7156 | D:6      | Reached skill level 1 in Translocations
  7159 | D:6      | Killed from afar by an orc wizard

Vault maps used:
D:1:      dpeg_arrival_subterranean_lakeside_camping, minmay_misc_feat_doors
D:2:      minmay_joined_circles
D:3:      grunt_temple_overflow_opulence, lemuel_crystal_altar, uniq_sigmund,
          uniq_grinder, uniq_crazy_yiuf_cottage, uniq_robin
D:4:      corexii_shack_village, grunt_temple_overflow_holy_war,
          okawaru_altar_gauntlet_db, kennysheep_mini
D:5:      first_ration, tgw_fedhas, uniq_eustachio, uniq_ijyb
D:6:      minmay_misc_feat_plants, minmay_lizard_king
D:7:      minmay_temple_entry_from_below_b, serial_shops, shop

Skill      XL: |  1  2  3  4  5  6  7  8 |
---------------+-------------------------+-----
Long Blades    | 3 4 5 6 7 |  7.1
Armour         | 2 3 |  3.5
Fighting       | 3 4 |  4.8
Dodging        | 3 4 |  4.1
Charms         | 4 |  4.4
Stealth        | 1 |  1.3
Spellcasting   | 3 |  3.7
Translocations | 1 |  1.3
Hexes          | |  0.1
Necromancy     | |  0.5

Action                   |  1- 3 |  4- 6 |  7- 9 || total
-------------------------+-------+-------+-------++-------
Melee: Falchion          |    76 |   260 |   197 ||   533
 Cast: Shroud of Golubri |     1 |     5 |     2 ||     8
       Song of Slaying   |       |     4 |     5 ||     9
       Infusion          |       |     3 |     3 ||     6
       Regeneration      |       |     2 |     4 ||     6
       Spectral Weapon   |       |       |     2 ||     2
 Abil: Hop               |       |       |     2 ||     2
  Use: Potion            |       |     5 |     5 ||    10
       Scroll            |       |    15 |     5 ||    20
 Stab: Sleeping          |     1 |       |     3 ||     4
  Eat: Ration            |     1 |     3 |     4 ||     8
Armor: Leather armour    |    22 |    30 |       ||    52
       Scale mail        |       |    71 |       ||    71
       Robe              |       |    13 |    54 ||    67
Dodge: Dodged            |    56 |   207 |   145 ||   408
       Rpst.: Falchion   |    17 |    72 |    54 ||   143

Table legend:
 A = Spawn XP
 B = Non-spawn XP
 C = Spawn XP percentage of total XP
 D = Spawn monster count
 E = Non-spawn monster count
 F = Spawn count percentage of total count
 G = Total turns spent on level
                    A         B        C        D         E        F      G
               +---------+---------+-------+---------+---------+-------+---------
         Total |       0 |    1473 |   0.0 |       0 |     126 |   0.0 |  7159
               +---------+---------+-------+---------+---------+-------+---------
           D:1 |       0 |      34 |   0.0 |       0 |      19 |   0.0 |   996
           D:2 |       0 |     154 |   0.0 |       0 |      30 |   0.0 |  1113
           D:3 |       0 |     320 |   0.0 |       0 |      33 |   0.0 |  1581
           D:4 |       0 |     242 |   0.0 |       0 |      22 |   0.0 |  2029
           D:5 |       0 |     174 |   0.0 |       0 |       3 |   0.0 |   171
           D:6 |       0 |     198 |   0.0 |       0 |      12 |   0.0 |  1184
           D:7 |       0 |     351 |   0.0 |       0 |       7 |   0.0 |    85
               +---------+---------+-------+---------+---------+-------+---------
